 Dungeon Crawl Stone Soup version 0.24.0-13-gcf9b3192b9 (webtiles) character file.

Game seed: 6764517284208032687, levelgen mode: deterministic

23 Descartes the Scratcher (level 2, 0/12 HPs)
             Began as a Felid Transmuter on Nov 10, 2019.
             Slain by a jackal (1 damage)
             ... on level 1 of the Dungeon.
             The game lasted 00:02:06 (996 turns).

Descartes the Scratcher (Felid Transmuter)           Turns: 996, Time: 00:02:07

Health: 0/12       AC:  1    Str:  6    XL:     2   Next: 72%
Magic:  6/6        EV: 18    Int: 14    God:
Gold:   38         SH:  0    Dex: 16    Spells: 2/5 levels left
                                        Lives:  0   Deaths: 0

rFire    . . .     SeeInvis +     - Unarmed
rCold    . . .     Gourm    .   (shield unavailable)
rNeg     . . .     Faith    .   (armour unavailable)
rPois    .         Spirit   .   (helmet unavailable)
rElec    .         Reflect  .   (cloak unavailable)
rCorr    .         Harm     .   (gloves unavailable)
MR       .....                  (boots unavailable)
Stlth    ++........             (no amulet)
HPRegen  0.04/turn              (no ring)
MPRegen  0.10/turn              (no ring)

@: appendage (expiring), quick
A: very small, no armour, no weapons or thrown items, stealth, claws 1, fangs 3,
horns 2, see invisible, carnivore, speed 1, shaggy fur 1, slow metabolism 1,
sharp paws
a: End Transformation


You were on level 1 of the Dungeon.
You were not hungry.
You had grown temporary horns.
You visited 1 branch of the dungeon, and saw 1 of its levels.

You collected 38 gold pieces.

Inventory:

Missiles
 a - 12 arrows
 g - 4 stones
Scrolls
 e - a scroll of noise {unknown}
 f - a scroll of identify {unknown}
 i - 2 scrolls of teleportation {unknown}
Potions
 b - a potion of might {unknown}
 d - a potion of mutation {unknown}
 h - a potion of haste {unknown}
Comestibles
 c - 2 rations


   Skills:
 - Level 1.0 Fighting
 + Level 3.1 Dodging
 + Level 1.3 Stealth
 * Level 3.4 Unarmed Combat
 - Level 2.0 Spellcasting
 + Level 2.5 Transmutations


You had 2 spell levels left.
You knew the following spells:

 Your Spells              Type           Power        Failure   Level  Hunger
a - Beastly Appendage     Tmut           #.....       9%          1    ##.....
b - Sticks to Snakes      Tmut           #.......     13%         2    ###....

Your spell library contained the following spells:

 Spells                   Type           Power        Failure   Level  Hunger
 Spider Form              Tmut/Pois      #.........   38%         3    ####...
 Ice Form                 Ice/Tmut       #.......     80%         4    #####..
 Blade Hands              Tmut           #.........   93%         5    ######.


Dungeon Overview and Level Annotations

Branches:
Dungeon (1/15)

Altars:


Innate Abilities, Weirdness & Mutations

You cannot wear armour.
You are incapable of wielding weapons or throwing items.
Your paws allow you to move quietly. (Stealth)
You have sharp claws.
You have razor-sharp teeth.
You have supernaturally acute eyesight. (SInv)
You are carnivorous and can eat meat at any time.
You cover ground quickly.
You are covered in fur. (AC +1)
You have a slow metabolism.
Your sharp claws are effective at attacking unaware monsters.
You have a pair of horns on your head.


Message History

Confirm with . or Enter, or press ? or * to list all spells.
You grow a pair of large bovine horns.
The jackal misses you. The jackal closely misses you.
You barely miss the jackal.
The jackal is moderately wounded.
The jackal bites you.
You scratch the jackal.
You kill the jackal!
The jackal closely misses you. The jackal misses you.
You barely miss the jackal. The jackal closely misses you.
The jackal misses you. The jackal closely misses you.
You completely miss the jackal. The jackal misses you. The jackal bites you.
* * * LOW HITPOINT WARNING * * *
You barely miss the jackal. The jackal misses you.
The jackal completely misses you. The jackal closely misses you.
The jackal completely misses you. The jackal closely misses you.
Your transformation is almost over.
The jackal barely misses you. The jackal bites you.
You die...

#.####...##...##...##...####.#
#.## #.⌠.##.⌠.##.⌠.##.⌠.# ##.#
#..###...##...##...##...###..#
##...##.####.####.####.#....##
###................).....###
############.###########
######.# #......# #....@##
#...hh# #.....# #.....#
#.....# #.....# #.....#
#.....# ####...>.###


You could see 2 jackals.

Vanquished Creatures
  2 oozes (D:1)
  A dart slug (D:1)
  A leopard gecko (D:1)
  A goblin (D:1)
  2 hobgoblins (D:1)
  2 jackals (D:1)
  A kobold (D:1)
10 creatures vanquished.

Notes
Turn   | Place    | Note
-------+----------+-------------------------------------------
     0 | D:1      | Descartes the Felid Transmuter began the quest for the Orb.
     0 | D:1      | Reached XP level 1. HP: 9/9 MP: 4/4
   380 | D:1      | Reached skill level 1 in Stealth
   380 | D:1      | Reached XP level 2. HP: 9/12 MP: 4/6
   384 | D:1      | Learned a level 2 spell: Sticks to Snakes
   996 | D:1      | Slain by a jackal

Levels and vault maps discovered:
D:1:      dpeg_arrival_chambers_temple_mockup, layout_basic

Skill      XL: |  1 |
---------------+----+-----
Dodging        | 3 |  3.1
Stealth        | 1 |  1.3
Fighting       | |  1.0
Unarmed Combat | |  3.4
Spellcasting   | |  2.0
Transmutations | |  2.5

Action                   || total
-------------------------++-------
Melee: Unarmed           ||    48
       Bite              ||     5
       Headbutt          ||     4
       Punch             ||     1
 Cast: Beastly Appendage ||    10
Armor: Skin              ||     2
Dodge: Dodged            ||    60
